 Dungeon Crawl Stone Soup version 0.20.0-8-g6b59dc7 (webtiles) character file.

77 4thArraOfDagon the Skirmisher (level 4, 3/37 HPs)
             Began as a Barachi Fighter on June 2, 2017.
             Quit the game on level 4 of the Dungeon.
             The game lasted 00:02:46 (540 turns).

4thArraOfDagon the Skirmisher (Barachi Fighter)      Turns: 540, Time: 00:02:47

Health: 3/37       AC:  7    Str: 15 (17) XL:     4   Next: 34%
Magic:  5/5        EV:  6    Int:  8 (10) God:
Gold:   103        SH:  8    Dex:  8 (11) Spells: 3/3 levels left

rFire    . . .     SeeInvis .   a - +0 long sword
rCold    . . .     Gourm    .   c - +0 shield
rNeg     . . .     Faith    .   b - +0 scale mail
rPois    .         Spirit   .   (no helmet)
rElec    .         Reflect  .   (no cloak)
rCorr    .         Harm     .   (no gloves)
MR       .....                  (no boots)
Stlth    ..........             k - amulet of rage
Regen    0.2/turn               (no ring)
MPRegen  0.1/turn               (no ring)

@: lethally poisoned (3 -> -4), slow
A: +LOS, swims, slowness 1, strong legs 1
a: Hop, Evoke Berserk Rage


You were on level 4 of the Dungeon.
You were not hungry.

You visited 1 branch of the dungeon, and saw 4 of its levels.

You collected 103 gold pieces.

Inventory:

Hand Weapons
 a - a +0 long sword (weapon)
Missiles
 o - 2 throwing nets (quivered)
Armour
 b - a +0 scale mail (worn)
 c - a +0 shield (worn)
Jewellery
 k - an amulet of rage (around neck)
Scrolls
 e - a scroll of remove curse {unknown}
 i - 3 scrolls of identify {unknown}
 n - a scroll of teleportation {unknown}
Potions
 d - a potion of might
 g - a potion of agility {unknown}
 l - a potion of invisibility {unknown}
Comestibles
 f - 4 bread rations


   Skills:
 + Level 4.3 Fighting
 * Level 3.9 Long Blades
 + Level 4.2 Armour
 - Level 3.2 Shields
 + Level 1.4 Evocations


You had 3 spell levels left.
You didn't know any spells.

Dungeon Overview and Level Annotations

Branches:
Dungeon (4/15)
 Temple: D:4-7

Altars:


Innate Abilities, Weirdness & Mutations

Shadows flee at your approach. (+LOS)
You can swim through water.
You cover ground slowly.
You can hop short distances.


Message History

* * * LOW HITPOINT WARNING * * *
You are lethally poisoned!
Unknown command.
It was a potion of heal wounds.
You feel much better.
You feel sick. The orc hits you but does no damage. You block the orc's attack.
The orc barely misses you.
You riposte.
Your shield prevents you from hitting the orc.
The orc hits you with a war axe. The gnoll barely misses you.
Unknown command.
Your shield and scale mail prevent you from hitting the gnoll.
The gnoll is moderately wounded.
You feel sick.
The orc hits you from afar with a trident!
* * * LOW HITPOINT WARNING * * *
The orc hits you with a whip.
* * * LOW HITPOINT WARNING * * *
You block the orc's attack. The gnoll hits you but does no damage.
The orc hits you but does no damage.
Unknown command.
Are you sure you want to abandon this character and quit the game? (Confirm with "yes".)

..##. ..# .#.. #.#.. #.#
#...# . #..(# #.# ...#
#..# #...### #.####...##
#.... .....####....).#..#
.g.#..##..........†.###.#
......o............†...
?. #oo.......##((##..
##.#.#.#@o.......###.##..
....$..g.................
.#.###.####..########....
#. #...# #.#.. # #..#.#
#.#.# ....##.# ###.#..
#..##.. #.# #........ #
.... ... ..#...... ....
#.# ....#....


You could see a gnoll and 4 orcs.

Vanquished Creatures
  A centaur skeleton (D:4)
  An ooze (D:3)
  A leopard gecko (D:2)
  7 orcs
  6 bats
  2 giant cockroaches
  3 goblins
  2 hobgoblins
  3 jackals
  A quokka (D:4)
  A ball python (D:1)
  A frilled lizard (D:1)
  5 kobolds
  3 rats (D:3)
37 creatures vanquished.

Notes
Turn   | Place    | Note
-------+----------+-------------------------------------------
     0 | D:1      | 4thArraOfDagon the Barachi Fighter began the quest for the Orb.
     0 | D:1      | Reached XP level 1. HP: 18/18 MP: 1/1
     0 | D:1      | BLOAX: wow gay
    21 | D:1      | BLOAX: the fun police got to you
    48 | D:1      | BLOAX: RIP
    80 | D:1      | Reached XP level 2. HP: 20/25 MP: 2/2
   318 | D:3      | Reached XP level 3. HP: 25/30 MP: 3/3
   442 | D:4      | Reached skill level 1 in Evocations
   442 | D:4      | Reached XP level 4. HP: 22/37 MP: 4/4
   536 | D:4      | HP: 1/37 [poisoned by a gnoll]
   540 | D:4      | Quit the game

Skill      XL: |  1  2  3 |
---------------+----------+-----
Long Blades    | 3 |  3.9
Fighting       | 4 |  4.3
Armour         | 4 |  4.2
Evocations     | 1 |  1.4
Shields        | |  3.2

Action                   |  1- 3 |  4- 6 || total
-------------------------+-------+-------++-------
Melee: Long sword        |   116 |    31 ||   147
  Use: Potion            |       |     3 ||     3
Armor: Scale mail        |    85 |    34 ||   119
Dodge: Dodged            |    52 |    16 ||    68
Block: Shield            |   107 |    31 ||   138
       Rpst.: Long sword |    17 |     8 ||    25
